[Event "13th Arad Open 2020"]
[Site "Arad"]
[Date "2020.09.29"]
[Round "7.7"]
[White "Lehaci, Miruna-Daria"]
[Black "Suciu, Dinu-Simi"]
[Result "1/2-1/2"]
[ECO "B12"]
[WhiteElo "2223"]
[BlackElo "2050"]
[Annotator "ChessBase"]
[PlyCount "67"]
[EventDate "2020.09.25"]
[EventType "swiss"]
[EventCountry "ROU"]
[SourceTitle "playchess.com"]
[Source "ChessBase"]
[SourceQuality "1"]
[TimeControl "5400+30"]

1. e4 c6 2. d4 d5 3. e5 Bf5 4. Nf3 e6 5. Be2 c5 6. O-O Nc6 7. c3 cxd4 8. Nxd4 Nxd4 9. cxd4 Ne7 10. b4 a6 11. Nc3 Nc6 12. a3 Be7 13. Be3 O-O 14. f4 Bg6 15. Qd2 b5 16. g4 f5 17. Rf2 fxg4 18. Bxg4 Bf5 19. Bxf5 Rxf5 20. Rc1 Rc8 21. Qd3 Na7 22. Ne2 g6 23. Rcf1 Rc4 24. Ng3 Bh4 25. Rg2 Bxg3 26. hxg3 h5 27. g4 hxg4 28. Qe2 Nc6 29. Qxg4 Qe8 30. Rd1 Qf7 31. Qxg6+ Qxg6 32. Rxg6+ Kf7 33. Rg3 Rh5 34. Bf2 1/2-1/2

[Event "13th Arad Open 2020"]
[Site "Arad"]
[Date "2020.09.29"]
[Round "7.8"]
[White "Magold, Filip"]
[Black "Isfan, Ioan-Marius"]
[Result "0-1"]
[ECO "B00"]
[WhiteElo "2043"]
[BlackElo "2187"]
[Annotator "ChessBase"]
[PlyCount "72"]
[EventDate "2020.09.25"]
[EventType "swiss"]
[EventCountry "ROU"]
[SourceTitle "playchess.com"]
[Source "ChessBase"]
[SourceQuality "1"]
[TimeControl "5400+30"]

1. e4 b6 2. Nf3 Bb7 3. Nc3 c5 4. d4 cxd4 5. Nxd4 d6 6. Bb5+ Nd7 7. f3 a6 8. Ba4 Ngf6 9. Be3 Rc8 10. g4 h6 11. Qd2 e6 12. O-O-O Be7 13. h4 d5 14. g5 Nh5 15. g6 Bb4 16. gxf7+ Kxf7 17. exd5 Bxd5 18. Nxe6 Bxe6 19. Bxd7 Bxc3 20. Bxe6+ Kxe6 21. Qe2 Ng3 22. Qg2 Qc7 23. bxc3 Rhd8 24. Bd4 Rxd4 25. Rxd4 Qxc3 26. Qh3+ Kf7 27. Qd7+ Kg8 28. Rh2 Nf1 29. Qxc8+ Qxc8 30. Re2 Qc3 31. Rd8+ Kh7 32. Kb1 Qb4+ 33. Ka1 Qf4 34. Kb1 Ne3 35. Rd3 Nc4 36. Re4 Nd2+ 0-1

[Event "13th Arad Open 2020"]
[Site "Arad"]
[Date "2020.09.29"]
[Round "7.9"]
[White "Carasca, Bogdan-Petru"]
[Black "Prisacaru, Stefan-Emilian"]
[Result "1/2-1/2"]
[ECO "A61"]
[WhiteElo "2132"]
[BlackElo "2007"]
[Annotator "ChessBase"]
[PlyCount "64"]
[EventDate "2020.09.25"]
[EventType "swiss"]
[EventCountry "ROU"]
[SourceTitle "playchess.com"]
[Source "ChessBase"]
[SourceQuality "1"]
[TimeControl "5400+30"]

1. d4 Nf6 2. c4 e6 3. Nc3 c5 4. d5 exd5 5. cxd5 d6 6. Nf3 g6 7. Nd2 Na6 8. Nc4 Nc7 9. a4 b6 10. Bf4 Ba6 11. e3 Bxc4 12. Bxc4 Nh5 13. Bg3 Nxg3 14. hxg3 Bg7 15. Bb5+ Nxb5 16. axb5 O-O 17. Qd3 Qc8 18. Qc4 Qf5 19. O-O Rfe8 20. Ra2 Qc2 21. Qa4 Qf5 22. g4 Qg5 23. Qc4 f5 24. gxf5 gxf5 25. Ra4 Kh8 26. g3 Rxe3 27. Kg2 Be5 28. Qh4 Qxh4 29. Rxh4 Rd3 30. Rfh1 Kg8 31. Rxh7 Bg7 32. R7h5 Rf8 1/2-1/2

[Event "13th Arad Open 2020"]
[Site "Arad"]
[Date "2020.09.29"]
[Round "7.10"]
[White "Dobrin, Ionut-Alexandru"]
[Black "Coca, Cristi-Iulian"]
[Result "1-0"]
[ECO "E46"]
[WhiteElo "2040"]
[BlackElo "2099"]
[Annotator "ChessBase"]
[PlyCount "63"]
[EventDate "2020.09.25"]
[EventType "swiss"]
[EventCountry "ROU"]
[SourceTitle "playchess.com"]
[Source "ChessBase"]
[SourceQuality "1"]
[TimeControl "5400+30"]

1. d4 Nf6 2. c4 e6 3. Nc3 Bb4 4. e3 O-O 5. Bd2 c5 6. Nf3 b6 7. Be2 Bb7 8. a3 Bxc3 9. Bxc3 cxd4 10. exd4 d5 11. c5 Ne4 12. Rc1 Nc6 13. b4 e5 14. O-O bxc5 15. bxc5 Nxc3 16. Rxc3 e4 17. Ne1 Qa5 18. Qd2 Ba6 19. Bxa6 Qxa6 20. Nc2 Qa4 21. Rd1 Rab8 22. Ne3 Rfd8 23. h3 Rb7 24. Nf5 Rb2 25. Qc1 f6 26. Rg3 g6 27. Kh2 Rd7 28. Ne3 Rb3 29. Ng4 Rxg3 30. Nxf6+ Kg7 31. Nxd7 Rd3 32. Qf4 1-0

[Event "13th Arad Open 2020"]
[Site "Arad"]
[Date "2020.09.30"]
[Round "8.1"]
[White "Filip, Lucian-Ioan"]
[Black "Solodovnichenko, Yuri"]
[Result "1-0"]
[ECO "A04"]
[WhiteElo "2432"]
[BlackElo "2553"]
[Annotator "ChessBase"]
[PlyCount "55"]
[EventDate "2020.09.25"]
[EventType "swiss"]
[EventCountry "ROU"]
[SourceTitle "playchess.com"]
[Source "ChessBase"]
[SourceQuality "1"]
[TimeControl "5400+30"]

1. Nf3 c5 2. c4 g6 3. e4 Bg7 4. d4 Qa5+ 5. Bd2 Qb6 6. Bc3 Nc6 7. d5 Nd4 8. Na3 d6 9. h3 e5 10. dxe6 Bxe6 11. Nb5 Qc6 12. Nfxd4 cxd4 13. Bxd4 Nf6 14. Qf3 Ke7 15. Nc3 Nh5 16. Bxg7 Nxg7 17. b3 Rhe8 18. Be2 Kf8 19. O-O Qc5 20. Rad1 Rad8 21. Rd2 a6 22. Rfd1 Re7 23. Qf6 Red7 24. Nd5 a5 25. Bg4 Kg8 26. Qg5 Ne8 27. Bxe6 fxe6 28. Ne7+ 1-0

[Event "13th Arad Open 2020"]
[Site "Arad"]
[Date "2020.09.30"]
[Round "8.2"]
[White "Talu, Mircea"]
[Black "Manolache, Marius"]
[Result "1-0"]
[ECO "E63"]
[WhiteElo "2351"]
[BlackElo "2541"]
[Annotator "ChessBase"]
[PlyCount "181"]
[EventDate "2020.09.25"]
[EventType "swiss"]
[EventCountry "ROU"]
[SourceTitle "playchess.com"]
[Source "ChessBase"]
[SourceQuality "1"]
[TimeControl "5400+30"]

1. d4 Nf6 2. c4 g6 3. g3 Bg7 4. Bg2 d6 5. Nc3 O-O 6. Nf3 Nc6 7. O-O a6 8. d5 Na5 9. b3 c5 10. dxc6 bxc6 11. Bb2 Rb8 12. Qd2 c5 13. Rad1 Bb7 14. Rfe1 Qb6 15. e4 Rfd8 16. Nd5 Bxd5 17. Bxf6 exf6 18. exd5 Nb7 19. Qd3 Qa5 20. h4 h5 21. Bh3 Re8 22. Re2 f5 23. Rde1 Kf8 24. Bxf5 Rxe2 25. Rxe2 Qc3 26. Qxc3 Bxc3 27. Bd7 Bf6 28. Kg2 Rd8 29. Bc6 Na5 30. Ba4 Rb8 31. Ng5 Bd4 32. f4 Rd8 33. Kf3 Rb8 34. g4 hxg4+ 35. Kxg4 Nb7 36. Bc6 Na5 37. Bd7 Rd8 38. Ba4 Nb7 39. f5 gxf5+ 40. Kxf5 Be5 41. Nf3 Bc3 42. Rg2 Ke7 43. Re2+ Kf8 44. h5 Rb8 45. h6 Rd8 46. Rg2 Ke7 47. Re2+ Kf8 48. Rg2 Ke7 49. h7 Rh8 50. Rg8 Nd8 51. Ng5 a5 52. Ne4 Bd4 53. Nf2 Be5 54. Nd3 Bd4 55. Ne1 Be5 56. Nc2 Bc3 57. Na3 Be5 58. Bc6 Nxc6 59. dxc6 Rxh7 60. c7 Rh4 61. Re8+ Kxe8 62. c8=Q+ Ke7 63. Qc7+ Ke8 64. Nb5 Rh5+ 65. Kg4 Rh6 66. Qc8+ Ke7 67. Nc7 Kf6 68. Ne8+ Ke7 69. Nc7 Kf6 70. Kf3 Rh2 71. Qd8+ Kf5 72. Qd7+ Kg6 73. Qg4+ Kh6 74. Nd5 Rxa2 75. Ne7 Rh2 76. Qg8 Rh3+ 77. Ke4 Rh4+ 78. Kd5 Rd4+ 79. Kc6 Rf4 80. Qf8+ Kg5 81. Qg8+ Kh4 82. Kb5 Rf3 83. Ka4 Kh3 84. Qh7+ Kg3 85. Nf5+ Kf2 86. Qxf7 Ke1 87. Qd5 Rf2 88. Nxd6 Bd4 89. Ne4 Ra2+ 90. Kb5 Rb2 91. Nxc5 1-0

[Event "13th Arad Open 2020"]
[Site "Arad"]
[Date "2020.09.30"]
[Round "8.3"]
[White "Ghimpu, Samuel-Timotei"]
[Black "Kozak, Adam"]
[Result "0-1"]
[ECO "A46"]
[WhiteElo "2302"]
[BlackElo "2503"]
[Annotator "ChessBase"]
[PlyCount "116"]
[EventDate "2020.09.25"]
[EventType "swiss"]
[EventCountry "ROU"]
[SourceTitle "playchess.com"]
[Source "ChessBase"]
[SourceQuality "1"]
[TimeControl "5400+30"]

1. d4 Nf6 2. Nf3 d5 3. g3 Bf5 4. Bg2 e6 5. c4 c6 6. O-O Nbd7 7. Qb3 Qb6 8. Nc3 Be7 9. Re1 Qa6 10. cxd5 exd5 11. Bf4 O-O 12. Ne5 Nxe5 13. Bxe5 Nd7 14. Bf4 Rfe8 15. Rad1 Qb6 16. Qxb6 axb6 17. a3 b5 18. e4 dxe4 19. Bxe4 Bxe4 20. Rxe4 Bf6 21. d5 Bxc3 22. Rxe8+ Rxe8 23. dxc6 bxc6 24. bxc3 Nb6 25. Be3 Nd5 26. Bd4 f6 27. Rc1 Kf7 28. f3 Ra8 29. c4 bxc4 30. Rxc4 Rxa3 31. Rxc6 Rxf3 32. Rd6 Ne7 33. Bf2 h5 34. Ra6 Rc3 35. Ra7 Ke6 36. Ra5 Nd5 37. Ra4 Kf5 38. h3 Rc2 39. Rd4 Nc3 40. Rf4+ Kg6 41. Kf1 Nb5 42. Rb4 Nc7 43. Re4 Nb5 44. Rb4 Nd6 45. Rd4 Nf7 46. Rd3 Ng5 47. g4 hxg4 48. hxg4 Rc4 49. Rd7 Rxg4 50. Bc5 Rc4 51. Bf8 Ne6 52. Ba3 Rc2 53. Re7 Kf5 54. Rb7 Rc6 55. Kf2 g5 56. Bb2 Rd6 57. Ke3 Nf4 58. Rb3 Rb6 0-1

[Event "13th Arad Open 2020"]
[Site "Arad"]
[Date "2020.09.30"]
[Round "8.4"]
[White "Istratescu, Andrei"]
[Black "Dobrin, Ionut-Alexandru"]
[Result "1-0"]
[ECO "E71"]
[WhiteElo "2551"]
[BlackElo "2040"]
[Annotator "ChessBase"]
[PlyCount "63"]
[EventDate "2020.09.25"]
[EventType "swiss"]
[EventCountry "ROU"]
[SourceTitle "playchess.com"]
[Source "ChessBase"]
[SourceQuality "1"]
[TimeControl "5400+30"]

1. d4 Nf6 2. c4 g6 3. Nc3 Bg7 4. e4 d6 5. h3 O-O 6. Be3 e5 7. d5 Ne8 8. g4 f5 9. gxf5 gxf5 10. exf5 Bxf5 11. Nge2 Nd7 12. Ng3 e4 13. Be2 Ne5 14. Nxf5 Rxf5 15. Nxe4 Qh4 16. Bg4 Nf6 17. Bxf5 Nxe4 18. Qe2 Rf8 19. Bxe4 Qxe4 20. O-O-O Nf3 21. Qc2 Qe5 22. Kb1 b5 23. cxb5 Rb8 24. a4 a6 25. Rd3 axb5 26. Rb3 Ra8 27. Rxb5 Nd4 28. Bxd4 Qxd4 29. Rg1 Re8 30. Rg4 Qe5 31. Qxc7 Qf5+ 32. Ka2 1-0

[Event "13th Arad Open 2020"]
[Site "Arad"]
[Date "2020.09.30"]
[Round "8.5"]
[White "Isfan, Ioan-Marius"]
[Black "Daianu, Cristian-Clement"]
[Result "1-0"]
[ECO "A80"]
[WhiteElo "2187"]
[BlackElo "2224"]
[Annotator "ChessBase"]
[PlyCount "80"]
[EventDate "2020.09.25"]
[EventType "swiss"]
[EventCountry "ROU"]
[SourceTitle "playchess.com"]
[Source "ChessBase"]
[SourceQuality "1"]
[TimeControl "5400+30"]

1. d4 f5 2. Bg5 h6 3. Bh4 g5 4. Bg3 Nf6 5. e3 e6 6. h4 Rg8 7. d5 d6 8. dxe6 Bxe6 9. hxg5 hxg5 10. Nf3 Qe7 11. Nd4 Bd7 12. Qf3 Nc6 13. Nxf5 Bxf5 14. Qxf5 Ne4 15. Qg4 Bg7 16. c3 Nxg3 17. Qxg3 O-O-O 18. Nd2 Ne5 19. O-O-O Qf7 20. Kb1 Kb8 21. Nb3 Qf5+ 22. Kc1 Qd7 23. Be2 a5 24. Qxg5 a4 25. Nd4 Nc6 26. Rh7 Nxd4 27. Rxd4 a3 28. bxa3 Qf7 29. Rc4 Qxf2 30. Rxg7 Qxe2 31. Rxg8 Qe1+ 32. Kb2 Qd2+ 33. Kb3 Qd1+ 34. Kb4 Qb1+ 35. Ka4 Qc2+ 36. Ka5 Rxg8 37. Qxg8+ Ka7 38. Rxc7 Qf5+ 39. Ka4 d5 40. Qh7 Qg4+ 1-0

[Event "13th Arad Open 2020"]
[Site "Arad"]
[Date "2020.09.30"]
[Round "8.6"]
[White "Bogdan, Dan"]
[Black "Lehaci, Miruna-Daria"]
[Result "1-0"]
[ECO "A10"]
[WhiteElo "2364"]
[BlackElo "2223"]
[Annotator "ChessBase"]
[PlyCount "87"]
[EventDate "2020.09.25"]
[EventType "swiss"]
[EventCountry "ROU"]
[SourceTitle "playchess.com"]
[Source "ChessBase"]
[SourceQuality "1"]
[TimeControl "5400+30"]

1. c4 b6 2. e4 Bb7 3. d3 c5 4. Nf3 Nc6 5. Nc3 d6 6. d4 cxd4 7. Nxd4 Nf6 8. f3 g6 9. Be3 Bg7 10. Qd2 O-O 11. Be2 Re8 12. O-O Rc8 13. Rac1 Ne5 14. b3 Qc7 15. Nd5 Qb8 16. Rfd1 Ned7 17. Bf1 a6 18. Ne2 Ba8 19. Nec3 h5 20. Qf2 b5 21. Kh1 b4 22. Nxf6+ Nxf6 23. Na4 Bc6 24. Nb6 Rcd8 25. Nd5 e6 26. Nf4 Qb7 27. Nd3 a5 28. Bb6 Ra8 29. Bd4 Rec8 30. Ne1 Rd8 31. Nc2 a4 32. Qh4 Ne8 33. Bxg7 Kxg7 34. Nd4 axb3 35. axb3 Nf6 36. Qf2 Ra3 37. Qb2 Rda8 38. Nc2 Ra2 39. Qd4 R2a6 40. c5 R6a7 41. cxd6 Bb5 42. Ne3 Bxf1 43. Rxf1 Qb5 44. Nc4 1-0

[Event "13th Arad Open 2020"]
[Site "Arad"]
[Date "2020.09.30"]
[Round "8.7"]
[White "Suciu, Dinu-Simi"]
[Black "Patrascu, Catalin-Lucian"]
[Result "1/2-1/2"]
[ECO "A20"]
[WhiteElo "2050"]
[BlackElo "2320"]
[Annotator "ChessBase"]
[PlyCount "45"]
[EventDate "2020.09.25"]
[EventType "swiss"]
[EventCountry "ROU"]
[SourceTitle "playchess.com"]
[Source "ChessBase"]
[SourceQuality "1"]
[TimeControl "5400+30"]

1. c4 e5 2. g3 Nf6 3. Bg2 Nc6 4. Nc3 Bc5 5. e3 O-O 6. Nge2 Re8 7. O-O a6 8. d4 Ba7 9. dxe5 Nxe5 10. b3 d6 11. h3 Rb8 12. Nd4 Bd7 13. a4 Nc6 14. Nxc6 bxc6 15. Ba3 a5 16. Kh2 Qe7 17. Ne2 Ne4 18. Nd4 Nxf2 19. Rxf2 Qxe3 20. Rf4 Bxd4 21. Bc1 Qxf4 22. Bxf4 Bxa1 23. Qxa1 1/2-1/2

[Event "13th Arad Open 2020"]
[Site "Arad"]
[Date "2020.09.30"]
[Round "8.8"]
[White "Prisacaru, Stefan-Emilian"]
[Black "Antonica, Dragos-Andrei"]
[Result "0-1"]
[ECO "A05"]
[WhiteElo "2007"]
[BlackElo "2301"]
[Annotator "ChessBase"]
[PlyCount "104"]
[EventDate "2020.09.25"]
[EventType "swiss"]
[EventCountry "ROU"]
[SourceTitle "playchess.com"]
[Source "ChessBase"]
[SourceQuality "1"]
[TimeControl "5400+30"]

1. Nf3 Nf6 2. c4 e6 3. g3 d5 4. b3 Be7 5. Bg2 O-O 6. Bb2 c5 7. O-O Nc6 8. e3 b6 9. d3 a6 10. Nc3 Rb8 11. e4 d4 12. Ne2 b5 13. Nd2 Nb4 14. Qb1 e5 15. Ba3 Nc6 16. Qc1 Qa5 17. h3 Be6 18. f4 bxc4 19. bxc4 Nb4 20. Bxb4 Rxb4 21. fxe5 Nd7 22. Nf3 Qc7 23. Qf4 Rb2 24. Rf2 Rfb8 25. g4 a5 26. Qg3 a4 27. Nf4 Rxf2 28. Qxf2 Nxe5 29. Nxe6 fxe6 30. Nxe5 Qxe5 31. Rf1 Bd6 32. Bf3 a3 33. Bd1 h6 34. Bb3 Kh7 35. Qg2 Qg5 36. Kh1 Bf4 37. Qf2 Rf8 38. Qg2 Qh4 39. Rf2 e5 40. Rf1 Rf6 41. Ba4 h5 42. Be8 hxg4 43. Qxg4 Qxg4 44. hxg4 Rh6+ 45. Kg1 Rh3 46. Rb1 Rxd3 47. Rb6 Rg3+ 48. Kf2 Rxg4 49. Bd7 Be3+ 50. Ke2 Rg2+ 51. Ke1 d3 52. Bh3 d2+ 0-1

[Event "13th Arad Open 2020"]
[Site "Arad"]
[Date "2020.09.30"]
[Round "8.9"]
[White "Ursan, Petru-Sebastian"]
[Black "Carasca, Bogdan-Petru"]
[Result "1/2-1/2"]
[ECO "D79"]
[WhiteElo "2248"]
[BlackElo "2132"]
[Annotator "ChessBase"]
[PlyCount "102"]
[EventDate "2020.09.25"]
[EventType "swiss"]
[EventCountry "ROU"]
[SourceTitle "playchess.com"]
[Source "ChessBase"]
[SourceQuality "1"]
[TimeControl "5400+30"]

1. d4 Nf6 2. Nf3 g6 3. g3 Bg7 4. c4 O-O 5. Bg2 c6 6. O-O d5 7. cxd5 cxd5 8. Nc3 Nc6 9. Ne5 e6 10. Nxc6 bxc6 11. Bf4 Nh5 12. Be3 a5 13. Rc1 Ba6 14. Na4 Bb5 15. Nc5 a4 16. Qd2 Nf6 17. Bg5 Qc8 18. Bf3 Re8 19. h4 Nd7 20. h5 e5 21. Bh6 Nxc5 22. Bxg7 Kxg7 23. h6+ Kg8 24. Rxc5 e4 25. Bg2 Qe6 26. Rfc1 f5 27. Qg5 Qe7 28. Qf4 Qf6 29. e3 g5 30. Qc7 Qxh6 31. Bf1 Rac8 32. Qd7 Rcd8 33. Qxf5 Rf8 34. Qh3 Qf6 35. R1c2 Bxf1 36. Kxf1 Rd6 37. Qg4 Qg6 38. Kg1 h5 39. Qh3 h4 40. Qg4 hxg3 41. Qxg3 Rff6 42. Qg4 Qh7 43. Qc8+ Rf8 44. Rxc6 Qh5 45. Rxd6 Rxc8 46. Rxc8+ Kf7 47. Rc7+ Ke8 48. Rxd5 Qd1+ 49. Kg2 Qg4+ 50. Kf1 Qd1+ 51. Kg2 Qg4+ 1/2-1/2

[Event "13th Arad Open 2020"]
[Site "Arad"]
[Date "2020.09.30"]
[Round "8.10"]
[White "Pisu, Robert-Daniel"]
[Black "Craciun, Alexandru-Emilian"]
[Result "1/2-1/2"]
[ECO "E73"]
[WhiteElo "2223"]
[BlackElo "2090"]
[Annotator "ChessBase"]
[PlyCount "66"]
[EventDate "2020.09.25"]
[EventType "swiss"]
[EventCountry "ROU"]
[SourceTitle "playchess.com"]
[Source "ChessBase"]
[SourceQuality "1"]
[TimeControl "5400+30"]

1. d4 Nf6 2. c4 g6 3. Nc3 Bg7 4. e4 d6 5. Be2 O-O 6. Be3 Na6 7. g4 e5 8. d5 Ne8 9. g5 f5 10. gxf6 Nxf6 11. h3 c6 12. dxc6 bxc6 13. Qd2 Qe7 14. O-O-O Rd8 15. Bg5 Nc7 16. h4 Be6 17. h5 d5 18. hxg6 hxg6 19. exd5 cxd5 20. Nf3 Bf7 21. Qe3 e4 22. Nd4 dxc4 23. Rdg1 Qc5 24. Nc2 Ne6 25. Bxf6 Qxe3+ 26. Nxe3 Bxf6 27. Nxe4 Bg7 28. Bxc4 Rac8 29. Nc3 Nf4 30. Bxf7+ Kxf7 31. Rd1 Bxc3 32. Rxd8 Bxb2+ 33. Kxb2 Rxd8 1/2-1/2

[Event "13th Arad Open 2020"]
[Site "Arad"]
[Date "2020.09.30"]
[Round "9.1"]
[White "Istratescu, Andrei"]
[Black "Talu, Mircea"]
[Result "1/2-1/2"]
[ECO "A40"]
[WhiteElo "2551"]
[BlackElo "2351"]
[Annotator "ChessBase"]
[PlyCount "83"]
[EventDate "2020.09.25"]
[EventType "swiss"]
[EventCountry "ROU"]
[SourceTitle "playchess.com"]
[Source "ChessBase"]
[SourceQuality "1"]
[TimeControl "5400+30"]

1. d4 Nf6 2. c4 e6 3. g3 d5 4. Nf3 Bb4+ 5. Bd2 Bd6 6. Nc3 c6 7. Qc2 Nbd7 8. e4 Nxe4 9. Nxe4 dxe4 10. Qxe4 Qe7 11. O-O-O c5 12. Bg2 O-O 13. Rhe1 h6 14. Bc3 Re8 15. Qc2 Nb6 16. b3 Bd7 17. d5 Qf8 18. dxe6 Rxe6 19. Ne5 Bxe5 20. Rxe5 Rxe5 21. Bxe5 Qc8 22. Rd6 Bf5 23. Qc3 Bg6 24. Bxg7 Qf5 25. Bxh6 Qb1+ 26. Kd2 Qxa2+ 27. Kd1 Qb1+ 28. Bc1 Re8 29. Bf1 Qf5 30. f3 Nd7 31. g4 Qe5 32. Qxe5 Nxe5 33. Be2 Nc6 34. Bb2 Bc2+ 35. Kd2 Bxb3 36. Rh6 Nd4 37. Bxd4 cxd4 38. Rd6 a5 39. Rxd4 a4 40. Bd1 Bxd1 41. Kxd1 Re3 42. c5 1/2-1/2

[Event "13th Arad Open 2020"]
[Site "Arad"]
[Date "2020.09.30"]
[Round "9.2"]
[White "Kozak, Adam"]
[Black "Filip, Lucian-Ioan"]
[Result "1/2-1/2"]
[ECO "A30"]
[WhiteElo "2503"]
[BlackElo "2432"]
[Annotator "ChessBase"]
[PlyCount "71"]
[EventDate "2020.09.25"]
[EventType "swiss"]
[EventCountry "ROU"]
[SourceTitle "playchess.com"]
[Source "ChessBase"]
[SourceQuality "1"]
[TimeControl "5400+30"]

1. Nf3 c5 2. c4 Nf6 3. g3 b6 4. Bg2 Bb7 5. O-O e6 6. Nc3 Be7 7. b3 O-O 8. Bb2 d6 9. e3 Nbd7 10. d3 a6 11. Qe2 Ra7 12. Nh4 Bxg2 13. Nxg2 Rb7 14. f4 b5 15. g4 bxc4 16. dxc4 g6 17. Rad1 Qc7 18. Ba1 Ne8 19. h4 f5 20. h5 Ndf6 21. hxg6 Nxg4 22. gxh7+ Kxh7 23. e4 Bf6 24. exf5 exf5 25. Ne4 fxe4 26. Qxg4 Qg7 27. Qh3+ Qh6 28. Qxh6+ Kxh6 29. Bxf6 Rxf6 30. f5 Rg7 31. Rf4 Rg5 32. Rh4+ Kg7 33. Rxe4 Kf8 34. Rf4 Ng7 35. Kf2 Rgxf5 36. Rxf5 1/2-1/2

[Event "13th Arad Open 2020"]
[Site "Arad"]
[Date "2020.09.30"]
[Round "9.3"]
[White "Solodovnichenko, Yuri"]
[Black "Isfan, Ioan-Marius"]
[Result "1-0"]
[ECO "B31"]
[WhiteElo "2553"]
[BlackElo "2187"]
[Annotator "ChessBase"]
[PlyCount "93"]
[EventDate "2020.09.25"]
[EventType "swiss"]
[EventCountry "ROU"]
[SourceTitle "playchess.com"]
[Source "ChessBase"]
[SourceQuality "1"]
[TimeControl "5400+30"]

1. e4 c5 2. Nf3 Nc6 3. Bb5 g6 4. O-O Bg7 5. Re1 e5 6. Bxc6 dxc6 7. d3 Ne7 8. a3 a5 9. Be3 b6 10. Nbd2 a4 11. b4 cxb4 12. axb4 Be6 13. Ng5 Bd7 14. Nc4 Nc8 15. d4 f6 16. Nf3 Be6 17. Qe2 O-O 18. dxe5 fxe5 19. Ng5 Bf7 20. Red1 Qe7 21. Nxf7 Rxf7 22. Bxb6 Nxb6 23. Nxb6 Rb8 24. Nxa4 Qxb4 25. c3 Qb3 26. Qd3 Rbf8 27. Rdb1 Qe6 28. Nc5 Qg4 29. Ra2 Bh6 30. h3 Qh4 31. Qc4 Kh8 32. Ne6 Re8 33. Qxc6 Qe7 34. Ra8 Rxa8 35. Qxa8+ Bf8 36. Rb8 Qxe6 37. Rxf8+ Kg7 38. Rxf7+ Qxf7 39. Qd5 Qf4 40. Qb7+ Kh6 41. Qb1 Qd2 42. Qa1 Qc2 43. Qe1 Kg7 44. Qe3 h6 45. Qa7+ Kf6 46. Qb6+ Ke7 47. Qc5+ 1-0

[Event "13th Arad Open 2020"]
[Site "Arad"]
[Date "2020.09.30"]
[Round "9.4"]
[White "Manolache, Marius"]
[Black "Ghimpu, Samuel-Timotei"]
[Result "1/2-1/2"]
[ECO "A48"]
[WhiteElo "2541"]
[BlackElo "2302"]
[Annotator "ChessBase"]
[PlyCount "98"]
[EventDate "2020.09.25"]
[EventType "swiss"]
[EventCountry "ROU"]
[SourceTitle "playchess.com"]
[Source "ChessBase"]
[SourceQuality "1"]
[TimeControl "5400+30"]

1. d4 Nf6 2. Nf3 g6 3. Bg5 Bg7 4. Nbd2 c5 5. e3 O-O 6. Bxf6 exf6 7. dxc5 Qa5 8. Nd4 Qxc5 9. Be2 Nc6 10. c3 f5 11. O-O d5 12. a4 a6 13. a5 f4 14. N4b3 Qd6 15. Nc4 Qd8 16. Nb6 Rb8 17. Nxd5 fxe3 18. Nxe3 b6 19. Qxd8 Rxd8 20. Rfd1 Rxd1+ 21. Rxd1 bxa5 22. Nxa5 Nxa5 23. Rd8+ Bf8 24. Bxa6 Ra8 25. Bxc8 Nc4 26. Kf1 Nb6 27. Rxf8+ Kxf8 28. Bb7 Ra2 29. b4 Na4 30. c4 Nc3 31. g3 Ke7 32. Nd5+ Nxd5 33. Bxd5 Rb2 34. b5 f5 35. h4 h6 36. Kg2 g5 37. hxg5 hxg5 38. Kf3 Kd6 39. Ke3 Kc5 40. Be6 Rb3+ 41. Ke2 f4 42. gxf4 gxf4 43. Bd5 Kd4 44. f3 Rb2+ 45. Kf1 Ke3 46. Kg1 Kd4 47. Kf1 Ke3 48. Kg1 Kd4 49. Kf1 Ke5 1/2-1/2

[Event "13th Arad Open 2020"]
[Site "Arad"]
[Date "2020.09.30"]
[Round "9.5"]
[White "Antonica, Dragos-Andrei"]
[Black "Bogdan, Dan"]
[Result "1/2-1/2"]
[ECO "E91"]
[WhiteElo "2301"]
[BlackElo "2364"]
[Annotator "ChessBase"]
[PlyCount "243"]
[EventDate "2020.09.25"]
[EventType "swiss"]
[EventCountry "ROU"]
[SourceTitle "playchess.com"]
[Source "ChessBase"]
[SourceQuality "1"]
[TimeControl "5400+30"]

1. d4 g6 2. Nf3 Bg7 3. c4 d6 4. Nc3 Nf6 5. e4 O-O 6. Be2 c6 7. O-O a6 8. h3 b5 9. a3 Bb7 10. Be3 Ne8 11. Qd2 Nd7 12. Bh6 bxc4 13. Bxc4 c5 14. Bxg7 Kxg7 15. dxc5 Nxc5 16. Qd4+ Kg8 17. b4 Nd7 18. Bd5 Bxd5 19. Nxd5 Nef6 20. Nxf6+ Nxf6 21. Rfd1 Qb8 22. Rac1 Qa7 23. Qxa7 Rxa7 24. e5 Ne4 25. Re1 f5 26. exd6 Nxd6 27. Nd4 Kf7 28. Nc6 Rb7 29. Na5 Ra7 30. Rc5 Ne4 31. Rc6 Rd8 32. f3 Nd6 33. Rb6 Nc8 34. Rc6 Nd6 35. Rec1 Nb5 36. a4 Nd4 37. Rc7 Ne2+ 38. Kh2 Rd7 39. Rxa7 Rxa7 40. Rc4 Kf6 41. f4 Rd7 42. b5 axb5 43. axb5 Rd5 44. Rb4 Nd4 45. b6 Rxa5 46. b7 Nc6 47. Rb6 Kf7 48. Rxc6 Rb5 49. Rc7 Ke6 50. Rc8 Rxb7 51. Rh8 Rb4 52. Kg3 h5 53. Rg8 Kf7 54. Rh8 Rb3+ 55. Kf2 Rb6 56. h4 Ke6 57. Rd8 Rd6 58. Ra8 Kd5 59. Kf3 Ke6 60. Rg8 Kf7 61. Ra8 Rc6 62. Rb8 Ke6 63. Rd8 Rb6 64. Kf2 Rb3 65. g3 Kf7 66. Ra8 Rb6 67. Rc8 Ke6 68. Rd8 Rd6 69. Ra8 Kd5 70. Ra5+ Ke6 71. Ra8 Kf7 72. Kf3 Re6 73. Rb8 Re4 74. Rb7 Kf6 75. Rb6+ e6 76. Ra6 Rb4 77. Rc6 Rb7 78. Ra6 Kf7 79. Rc6 Re7 80. Rc5 Rd7 81. Rc8 Rd3+ 82. Kf2 Rd4 83. Rc7+ Kf6 84. Rc6 Ke7 85. Rc7+ Rd7 86. Rc6 Ra7 87. Rc8 Ra6 88. Rg8 e5 89. fxe5 Re6 90. Kf3 Kf7 91. Ra8 Rxe5 92. Ra7+ Kf6 93. Ra6+ Re6 94. Ra8 Rb6 95. Ra3 Rd6 96. Rc3 Ke5 97. Ra3 Kf6 98. Rb3 Rd4 99. Rb6+ Kf7 100. Rb7+ Ke8 101. Ra7 Rg4 102. Ra6 Kf7 103. Ra7+ Kg8 104. Ra8+ Kg7 105. Ra7+ Kh6 106. Ra6 Rd4 107. Ra7 Re4 108. Rb7 Re6 109. Ra7 g5 110. hxg5+ Kxg5 111. Ra4 Rb6 112. Ra3 Rb4 113. Rc3 h4 114. gxh4+ Rxh4 115. Rc8 Rh3+ 116. Kg2 Ra3 117. Rc4 Kf6 118. Kf2 Ke5 119. Rb4 Rd3 120. Ra4 Kf6 121. Rb4 Kg5 122. Ra4 1/2-1/2

[Event "13th Arad Open 2020"]
[Site "Arad"]
[Date "2020.09.30"]
[Round "9.6"]
[White "Balla, Tamas-Kristof"]
[Black "Craciun, Alexandru-Emilian"]
[Result "1-0"]
[ECO "E73"]
[WhiteElo "2356"]
[BlackElo "2090"]
[Annotator "ChessBase"]
[PlyCount "103"]
[EventDate "2020.09.25"]
[EventType "swiss"]
[EventCountry "ROU"]
[SourceTitle "playchess.com"]
[Source "ChessBase"]
[SourceQuality "1"]
[TimeControl "5400+30"]

1. d4 Nf6 2. c4 g6 3. Nc3 Bg7 4. e4 d6 5. Be2 O-O 6. Be3 Na6 7. g4 e5 8. d5 Ne8 9. Qd2 f5 10. gxf5 gxf5 11. exf5 Bxf5 12. Nf3 Nf6 13. Ng5 Qd7 14. O-O-O Nc5 15. Rhg1 Kh8 16. Rg3 a6 17. Rdg1 Rg8 18. b4 Nce4 19. Ncxe4 Nxe4 20. Nxe4 Bxe4 21. Bg4 Bf5 22. Qc2 Bxg4 23. Rxg4 Bf6 24. h3 Rac8 25. Qe4 Rxg4 26. Qxg4 Qxg4 27. Rxg4 c6 28. Kd2 Rc7 29. Kd3 cxd5 30. cxd5 b5 31. Ke4 Bg7 32. Kf5 Re7 33. h4 Kg8 34. Bg5 Rf7+ 35. Ke6 Rxf2 36. Kxd6 Kf7 37. a3 Rf3 38. Rg2 h6 39. Bc1 Rf6+ 40. Kc7 Bf8 41. Bb2 Ke8 42. Bxe5 Rf1 43. Rg3 Be7 44. d6 Bd8+ 45. Kc6 Bxh4 46. d7+ Ke7 47. Bd6+ Ke6 48. Rg6+ Kf7 49. Rxh6 Bg5 50. Rh8 Rc1+ 51. Kb6 Be3+ 52. Bc5 1-0